 Dungeon Crawl Stone Soup version 0.26-a0-958-gf3041fb45f (webtiles) character file.

Game seed: 1605420510941542343

28 melchizedek the Chucker (level 3, -2/35 HPs)
             Began as a Troll Hunter on Nov 30, 2020.
             Slain by a gnoll
             ... wielding a +2 whip of flaming
              (4 damage)
             ... on level 1 of the Dungeon.
             The game lasted 00:03:00 (651 turns).

melchizedek the Chucker (Troll Hunter)               Turns: 651, Time: 00:03:01

Health: -2/35      AC:  6    Str: 21    XL:     3   Next: 0%
Magic:  2/2        EV: 14    Int:  7    God:
Gold:   47         SH:  0    Dex: 10    Spells: 2/2 levels left

rFire    . . .     SeeInvis .   a - +0 whip
rCold    . . .     Faith    .   (no shield)
rNeg     . . .     Spirit   .   j - +0 robe (curse)
rPois    .         Reflect  .   (helmet restricted)
rElec    .         Harm     .   (no cloak)
rCorr    .         Rampage  .   (gloves unavailable)
MR       .....                  (boots unavailable)
Stlth    +.........             (no amulet)
HPRegen  0.51/turn              g - ring of flight
MPRegen  0.08/turn              n - +4 ring of evasion

@: no status effects
A: large, unfitting armour, claws 3, regeneration 1, shaggy fur 1, tough skin 3
a: Evoke Flight


You were on level 1 of the Dungeon.
You visited 1 branch of the dungeon, and saw 2 of its levels.

You collected 47 gold pieces.

Inventory:

Hand Weapons
 a - a +0 whip (weapon)
 i - a +0 short sword
Missiles
 c - 5 large rocks (quivered)
 d - 2 throwing nets
 k - 7 boomerangs
Armour
 b - a +0 robe
 j - a cursed +0 robe (worn)
Jewellery
 g - a ring of flight (left claw)
 n - a +4 ring of evasion (right claw)
Scrolls
 e - 2 scrolls of fog {unknown}
 f - a scroll of teleportation {unknown}
 h - 3 scrolls of identify {unknown}
 l - a scroll of magic mapping {unknown}
 m - a scroll of random uselessness {unknown}


   Skills:
 + Level 1.9 Fighting
 * Level 0.6 Maces & Flails
 + Level 3.8 Throwing
 + Level 2.0 Dodging
 - Level 0.3 Stealth
 - Level 0.5 Unarmed Combat


You had 2 spell levels left.
You didn't know any spells.
Your spell library was empty.

Dungeon Overview and Level Annotations

Branches:
Dungeon (2/15)

Altars:


Innate Abilities, Weirdness & Mutations

You are too large for most types of armour.
You have claws for hands.
Your natural rate of healing is unusually fast.
You are covered in fur. (AC +1)
You have extremely tough skin. (AC +3)


Message History

A gnoll comes into view. It is wielding a +0 flail.
There is a stone staircase leading up here.
The gnoll hits you with a +2 whip of flaming!
The gnoll burns you.
You climb upwards.
There is a stone staircase leading down here.
You hit the gnoll but do no damage.
The gnoll hits you with a +2 whip of flaming.
The gnoll burns you.
You hit the gnoll but do no damage. The gnoll closely misses you.
You hit the gnoll but do no damage. The gnoll closely misses you.
You closely miss the gnoll.
The gnoll hits you with a +2 whip of flaming.
The gnoll burns you.
You whack the gnoll!
The gnoll is heavily wounded.
The gnoll hits you with a +2 whip of flaming!
* * * LOW HITPOINT WARNING * * *
The gnoll burns you.
You die...

##...............### #
...................# ####
##..............##.# ##...
##.#............##.# #..#.
#....#.##.#####.##.### ###.#..
.....#....## #.##...######......
#[.#####...# #.####...##.......#
#..# ##[.# #..# ###......#####
#.># #..## ##@#####..##..# # #..#
#...####.g.......#.## # #..#
#.#.......#........# # #..##
#.####..#####..#.#.# # #...#
##.####.######..#.#.#### #
#.#.####...........##..#.....>###
#.#.......########..#....#.#.....
#.#.#####.# #..............####
#.### ##.#####.#........#.######


You could see a gnoll.

Vanquished Creatures
  2 leopard geckos (D:1)
  5 goblins (D:1)
  5 hobgoblins (D:1)
  2 jackals (D:1)
  3 bats (D:1)
  3 kobolds (D:1)
  4 rats (D:1)
24 creatures vanquished.

Notes
Turn   | Place    | Note
-------+----------+-------------------------------------------
     0 | D:1      | melchizedek the Troll Hunter began the quest for the Orb.
     0 | D:1      | Reached XP level 1. HP: 19/19 MP: 0/0
   121 | D:1      | Reached XP level 2. HP: 28/28 MP: 1/1
   592 | D:1      | Reached XP level 3. HP: 35/35 MP: 2/2
   651 | D:1      | Slain by a gnoll

Illustrated notes

Levels and vault maps discovered:
D:1:      onia_arrival_mini_spirals, layout_rooms
D:2:      layout_rooms, chequers_ecumenical_altar_simple,
          nemelex_dance_club_becter

Skill      XL: |  1  2 |
---------------+-------+-----
Dodging        | 2 |  2.0
Fighting       | |  1.9
Maces & Flails | |  0.6
Throwing       | |  3.8
Stealth        | |  0.3
Unarmed Combat | |  0.5

Action                   || total
-------------------------++-------
Melee: Unarmed           ||    24
       Whip              ||    74
       Punch             ||     1
Armor: Robe              ||    50
Dodge: Dodged            ||    82

Table legend: (Time is in decaauts)
 A = Elapsed time spent in this place.
 B = Non-inter-level travel time spent in this place.
 C = Inter-level travel time spent in this place.
 D = Time resting spent in this place.
 E = Time spent auto-exploring this place.
 F = Levels seen in this place.
 G = Mean time per level.
                   A        B        C        D        E       F      G
               +--------+--------+--------+--------+--------+-----+--------+
         Total |    653 |    597 |     56 |      0 |    279 |   2 |  326.5 |
       Dungeon |    653 |    597 |     56 |      0 |    279 |   2 |  326.5 |
               +--------+--------+--------+--------+--------+-----+--------+

Top non-repeatable levels by time:
     D:1: 646 daAuts
     D:2: 7 daAuts
